 Seeded DCSS version 0.29-a0-106-g0a07039d5a (webtiles) character file.

Game seed: 20220216 (custom seed)

349 a11behringer the Chopper (level 6, 0/53 HPs)
             Began as a Hill Orc Fighter on Feb 16, 2022.
             Slain by an ogre (16 damage)
             ... on level 5 of the Dungeon.
             The game lasted 00:07:41 (3574 turns).

a11behringer the Chopper (Hill Orc Fighter)         Turns: 3574, Time: 00:07:41

Health: 0/53       AC: 14    Str: 19    XL:     6   Next: 60%
Magic:  6/6        EV:  5    Int:  8    God:
Gold:   193        SH:  4    Dex: 10    Spells: 5/5 levels left

rFire   . . .      SeeInvis +   a - +0 war axe
rCold   . . .      Faith    .   c - +0 buckler
rNeg    + + +      Spirit   .   t - +0 plate armour
rPois   .          Reflect  .   n - +1 helmet of Hopscotch {rN+++ Will- Regen+ Str-2}
rElec   .          Harm     .   (no cloak)
rCorr   .          Rampage  .   (no gloves)
Will    .....                   (no boots)
Stlth   ..........              (no amulet)
HPRegen 0.97/turn               f - ring of see invisible
MPRegen 0.10/turn               (no ring)

@: no status effects
A: no striking features
a: no special abilities


You were on level 5 of the Dungeon.
You visited 1 branch of the dungeon, and saw 5 of its levels.

You collected 193 gold pieces.

Inventory:

Hand Weapons
 a - a +0 war axe (weapon)
 h - a +0 hunting sling
 k - the +6 whip of Parts Unknown {vorpal, *Slow rPois rN+++ Dex-4}
   (You found it on level 2 of the Dungeon)

   It inflicts extra damage upon your enemies.
   Dex:       It affects your dexterity (-4).
   rPois:     It protects you from poison.
   rN:        It renders you almost immune to negative energy.
   *Slow:     It may slow you when you take damage.
 s - a +0 shortbow
Missiles
 g - 78 arrows
 v - 30 bolts
 w - 36 sling bullets
Armour
 b - a +0 scale mail
 c - a +0 buckler (worn)
 m - a +0 chain mail
 n - the +1 helmet of Hopscotch (worn) {rN+++ Will- Regen+ Str-2}
   (You took it off Robin on level 2 of the Dungeon)

   Str:       It affects your strength (-2).
   rN:        It renders you almost immune to negative energy.
   Regen:     It increases your rate of health regeneration.
   Will:      It decreases your willpower.
 t - a +0 plate armour (worn)
Jewellery
 f - a ring of see invisible (left hand)
Wands
 y - a wand of paralysis (2)
Scrolls
 e - a scroll of amnesia {unknown}
 p - 2 scrolls of identify {unknown}
 q - a scroll of noise {unknown}
 r - a scroll of acquirement {unknown}
 x - a scroll of summoning
 z - a scroll of vulnerability {unknown}
 A - a scroll of immolation {unknown}
 B - 2 scrolls of fog {unknown}
Potions
 d - a potion of might
 i - a potion of flight {unknown}
 j - a potion of ambrosia {unknown}
 l - a potion of curing {unknown}
 o - a potion of attraction {unknown}
 u - a potion of degeneration {unknown}


   Skills:
 + Level 4.5 Fighting
 * Level 7.3 Axes
 + Level 4.1 Armour
 + Level 0.5 Dodging
 + Level 3.8 Shields


You had 5 spell levels left.
You didn't know any spells.
Your spell library contained the following spells:

 Spells                   Type           Power      Damage    Failure   Level
 Magic Dart               Conj           0%         1d3       100%        1
 Corpse Rot               Necr/Air       0%         N/A       100%        2
 Poisonous Vapours        Pois/Air       0%         N/A       100%        2
 Searing Ray              Conj           0%         2d4       100%        2
 Dazzling Flash           Conj/Hex       0%         N/A       100%        3
 Fulminant Prism          Conj/Hex       0%         3d6       100%        4
 Iskenderun's Mystic Bla  Conj/Tloc      0%         2d3       100%        4
 Starburst                Conj/Fire      0%         6d3       100%        6


Dungeon Overview and Level Annotations

Branches:
Dungeon (5/15)
 Temple: D:4-7

Altars:
Hepliaklqana

Annotations:
D:3 3 runed translucent doors, Sweetruy1997's ghost, amateur DsCK


Message History

The hobgoblin hits you.
You closely miss the hobgoblin. The hobgoblin barely misses you.
You closely miss the hobgoblin.
The hobgoblin hits you but does no damage.
You hit the hobgoblin but do no damage.
The hobgoblin hits you but does no damage.
You hit the hobgoblin but do no damage. The hobgoblin barely misses you.
The hobgoblin hits you but does no damage.
You slash the hobgoblin!
You kill the hobgoblin!
No target in view!
Things that are here:
6 atropa-tipped darts; a hobgoblin corpse
There is a stone staircase leading down here.
You see here a +0 short sword.
There is a stone staircase leading down here.
Done exploring.
Done exploring.
There is a stone staircase leading down here.
You climb downwards.
The ogre shouts!
Found 13 sling bullets, 10 gold pieces and an orange potion.
Found a stone staircase leading down.
There is a stone staircase leading up here.
You hit the ogre.
The ogre is lightly wounded.
The ogre hits you with a +0 giant club!!
You slash the ogre!
The ogre is heavily wounded.
The ogre hits you but does no damage.
You slash the ogre!
The ogre is almost dead.
The ogre hits you with a +0 giant club!!
* * * LOW HITPOINT WARNING * * *
You are too injured to fight recklessly!
You are too injured to fight recklessly!
You hit the ogre.
The ogre is almost dead.
The ogre hits you with a +0 giant club!
You die...

.. .. .. .. . .#.
#.. ... .... #.#
.(.. # #.#..#
#.####<..##
#.........#.
#...@...^.....
#..O........#.
#............#
.................
....!$.........#.
...>............
..........##....
..........# ...


You could see an ogre.

Vanquished Creatures
  A howler monkey (D:4)
  A jelly (D:4)
  2 orc priests (D:4)
  A hound (D:4)
  An iguana (D:4)
  An orc wizard (D:4)
  Ijyb (D:3)
  Robin (D:2)
  2 ufetubi (D:4)
  2 adder skeletons (D:4)
  4 dart slugs
  3 orcs (D:4)
  7 ball pythons
  9 endoplasms
  3 giant cockroaches
  11 hobgoblins
  7 kobolds
  4 quokkas
  2 bats
  A frilled lizard (D:3)
  16 goblins
  4 rats
84 creatures vanquished.

Vanquished Creatures (others)
  A fungus (D:1)
  A plant (D:1)
2 creatures vanquished.

Grand Total: 86 creatures vanquished

Notes
Turn   | Place    | Note
-------+----------+-------------------------------------------
     0 | D:1      | a11behringer the Hill Orc Fighter began the quest for the
                  | Orb.
     0 | D:1      | Reached XP level 1. HP: 19/19 MP: 1/1
   142 | D:1      | Reached skill level 3 in Axes
   148 | D:1      | Reached XP level 2. HP: 27/27 MP: 2/2
   615 | D:1      | Found a faded altar of an unknown god.
   862 | D:2      | Reached XP level 3. HP: 30/33 MP: 3/3
   901 | D:2      | Identified the +6 whip of Parts Unknown {vorpal, *Slow
                  | rPois rN+++ Dex-4}
   963 | D:2      | Identified the +1 helmet of Hopscotch {rN+++ Will- Regen+
                  | Str-2}
   963 | D:2      | Noticed Robin
   993 | D:2      | Killed Robin
   994 | D:2      | Reached skill level 4 in Axes
  1527 | D:2      | Reached XP level 4. HP: 40/40 MP: 4/4
  1811 | D:3      | Found a runed translucent gate.
  1811 | D:3      | Found a runed translucent gate.
  1811 | D:3      | Found a runed translucent gate.
  1850 | D:3      | Noticed Sweetruy1997's ghost (amateur DsCK)
  2554 | D:3      | Noticed Ijyb
  2562 | D:3      | Paralysed by Ijyb for 3 turns
  2570 | D:3      | Paralysed by Ijyb for 2 turns
  2575 | D:3      | Killed Ijyb
  2576 | D:3      | Reached skill level 5 in Axes
  2764 | D:4      | Reached XP level 5. HP: 46/46 MP: 5/5
  2775 | D:4      | Reached skill level 6 in Axes
  3033 | D:4      | Reached XP level 6. HP: 46/53 MP: 6/6
  3049 | D:4      | Reached skill level 7 in Axes
  3110 | D:4      | Found a hazy altar of Hepliaklqana.
  3568 | D:5      | Entered Level 5 of the Dungeon
  3574 | D:5      | Slain by an ogre

Illustrated notes

Levels and vault maps discovered:
D:1:      dpeg_arrival_water_fire, layout_basic,
          shapermc_ecumenical_altar_mp_ritualfount
D:2:      layout_loops_cross, uniq_robin
D:3:      layout_basic, gammafunk_ghost_icy, uniq_ijyb
D:4:      layout_cave_pods, grunt_ministairs_2, minivault_19,
          kennysheep_diamond, hangedman_abyss_or_decor_stagger
D:5:      layout_rooms, serial_shops, nicolae_diamond_shop,
          ebering_ghost_reflecting_pool

Skill      XL: |  1  2  3  4  5  6 |
---------------+-------------------+-----
Axes           | 3 4 5 6 7 |  7.3
Fighting       | 4 |  4.5
Armour         | 4 |  4.1
Dodging        | |  0.5
Shields        | |  3.8

Action                   |  1- 3 |  4- 6 || total
-------------------------+-------+-------++-------
Melee: War axe           |    95 |   163 ||   258
Armor: Scale mail        |    20 |       ||    20
       Chain mail        |    24 |     5 ||    29
       Plate armour      |       |   137 ||   137
Dodge: Dodged            |    37 |    46 ||    83
Block: Buckler           |    15 |    33 ||    48

Table legend: (Time is in decaauts)
 A = Elapsed time spent in this place.
 B = Non-inter-level travel time spent in this place.
 C = Inter-level travel time spent in this place.
 D = Time resting spent in this place.
 E = Time spent auto-exploring this place.
 F = Levels seen in this place.
 G = Mean time per level.
                   A        B        C        D        E       F      G
               +--------+--------+--------+--------+--------+-----+--------+
         Total |   3648 |   3424 |    224 |      0 |   2771 |   5 |  729.6 |
       Dungeon |   3648 |   3424 |    224 |      0 |   2771 |   5 |  729.6 |
               +--------+--------+--------+--------+--------+-----+--------+

Top non-repeatable levels by time:
     D:3: 1072 daAuts
     D:2: 980 daAuts
     D:4: 855 daAuts
     D:1: 734 daAuts
     D:5: 6 daAuts
